 Dungeon Crawl Stone Soup version 0.17.1-1-g73c8601 (webtiles) character file.

128 Joehai the Skirmisher (level 5, -2/59 HPs)
             Began as an Ogre Berserker on Feb 6, 2016.
             Was a Believer of Trog.
             Killed from afar by Natasha (6 damage)
             ... with a magic dart
             ... on level 3 of the Dungeon.
             The game lasted 00:04:23 (2009 turns).

Joehai the Skirmisher (Ogre Berserker)              Turns: 2009, Time: 00:04:23

Health: -2/59      AC:  3    Str: 22    XL:     5   Next: 11%
Magic:  5/5        EV: 10    Int: 11    God:    Trog [**....]
Gold:   108        SH:  0    Dex: 10    Spells: 0 memorised, 4 levels left

rFire  . . .     SeeInvis .     o - +0 flail
rCold  . . .     Clarity  .     b - +0 animal skin
rNeg   . . .     SustAt   .     (no shield)
rPois  .         Gourm    .     (helmet restricted)
rElec  .         Spirit   .     (no cloak)
rCorr  .         Warding  .     (gloves unavailable)
rMut   .         Stasis   .     (boots unavailable)
MR     ++...                    (no amulet)
Stlth  +.........               (no ring)
                                n - +5 ring of intelligence

@: regenerating, very resistant to hostile enchantments, very unstealthy
A: unfitting armour, tough skin 1
a: Berserk, Trog's Hand, Burn Spellbooks, Renounce Religion


You were on level 3 of the Dungeon.
You worshipped Trog.
Trog was pleased with you.
You were not hungry.

You visited 1 branch of the dungeon, and saw 3 of its levels.

You collected 108 gold pieces.

Inventory:

Hand Weapons
 o - a +0 flail (weapon)
Armour
 b - a +0 animal skin (worn)
Jewellery
 n - a +5 ring of intelligence (left hand)
Scrolls
 e - 2 scrolls of remove curse {unknown}
 f - a scroll of enchant weapon {unknown}
 k - 3 scrolls of fear {unknown}
 l - 3 scrolls of identify {unknown}
Potions
 d - a potion of resistance {unknown}
 g - 2 potions of heal wounds {unknown}
 i - a potion of cure mutation {unknown}
 j - 2 potions of curing
Comestibles
 a - 4 fruits
 c - 2 bread rations
 h - a beef jerky


   Skills:
 + Level 6.0 Fighting
 + Level 5.9 Maces & Flails
 - Level 2.6 Dodging


You had 4 spell levels left.
You didn't know any spells.

Dungeon Overview and Level Annotations

Branches:
Dungeon (3/15)

Altars:
Sif Muna
Vehumet

Annotations:
D:3 Natasha


Innate Abilities, Weirdness & Mutations

You are too large for most types of armour.
You have tough skin (AC +1).


Message History

You hit Natasha.
Natasha is moderately wounded.
The shadow imp hits you.
* * * LOW HITPOINT WARNING * * *
Natasha completely misses you. The shadow imp hits you.
* * * LOW HITPOINT WARNING * * *
Drink which item? (? for menu, Esc to quit)
Okay, then.
Your skin crawls.
You feel resistant to hostile enchantments.
You feel slightly more hungry.
You feel yourself speed up. Natasha claws you!
* * * LOW HITPOINT WARNING * * *
The shadow imp spits at you. The shadow imp hits you.
* * * LOW HITPOINT WARNING * * *
Natasha stares at you and mumbles some strange words.
The magic dart hits you!
You die...

...[............#.#
####.#.#####....##.#..
#...............##.#..
#..................#..
#...........#...#..#.#
#.......).).#...#....#
#...................<#
#....h......#####.####
#...5@......# #...#.
#............# #####.
.>.............# ##
......#####.....#
......# #####.# #
...... .# # ...... ..
# ... ..# #


You could see Natasha and a shadow imp.

Vanquished Creatures
  Ijyb (D:3)
  Natasha (D:3)
  4 adders
  An orc (D:3)
  2 goblins
  3 hobgoblins
  8 kobolds
  3 quokkas
  A ball python (D:3)
  7 bats
  3 giant cockroaches
  2 giant newts (D:1)
  6 rats
42 creatures vanquished.

Notes
Turn   | Place    | Note
--------------------------------------------------------------
     0 | D:1      | Joehai the Ogre Berserker began the quest for the Orb.
     0 | D:1      | Reached XP level 1. HP: 24/24 MP: 1/1
   142 | D:1      | Reached XP level 2. HP: 30/33 MP: 2/2
   873 | D:2      | Reached XP level 3. HP: 28/41 MP: 3/3
  1132 | D:2      | Reached ** piety under Trog
  1132 | D:2      | Reached skill level 5 in Fighting
  1159 | D:2      | Reached skill level 5 in Maces & Flails
  1402 | D:2      | Reached XP level 4. HP: 25/50 MP: 4/4
  1407 | D:2      | Found a radiant altar of Vehumet.
  1596 | D:3      | Noticed Ijyb
  1618 | D:3      | Killed Ijyb
  1643 | D:3      | Noticed Natasha
  1653 | D:3      | Killed Natasha
  1734 | D:3      | Found a deep blue altar of Sif Muna.
  1767 | D:3      | Reached XP level 5. HP: 31/59 MP: 5/5
  1839 | D:3      | Reached skill level 6 in Fighting
  1906 | D:3      | Noticed Natasha
  2009 | D:3      | Killed from afar by Natasha

Action                   |  1- 3 |  4- 6 || total
-------------------------+-------+-------++-------
Melee: Mace              |    96 |    44 ||   140
       Flail             |       |     7 ||     7
Invok: Trog's Hand       |       |     1 ||     1
 Stab: Sleeping          |     1 |       ||     1
  Eat: Chunk             |     1 |     3 ||     4
